[Event "Team 45 45 League T30"]
[Site "Internet Chess Club"]
[Date "2006.04.22"]
[Round "5"]
[White "vaibhav"]
[Black "rjml"]
[Result "0-1"]
[WhiteElo "1933"]
[BlackElo "2030"]
[TimeControl "2700+45"]

1. d4 Nf6 2. c4 e6 3. Nc3 Bb4 4. Nf3 b6 5. a3 Bxc3+ 6. bxc3 Ba6 7. e3 Nc6 8. Be2
Na5 9. Nd2 Qc8 10. Bb2 Qb7 11. O-O Qc6 12. Bf3 d5 13. cxd5 exd5 14. Re1 O-O 15.
e4 Nc4 16. Nxc4 Bxc4 17. e5 Nd7 18. Bg4 f5 19. Be2 Bxe2 20. Rxe2 Rfe8 21. Qc2
Qe6 22. Rae1 b5 23. Qd3 c6 24. Re3 Nb6 25. Rf3 Nc4 26. Bc1 Rf8 27. Rh3 a5 28.
Qg3 Rf6 29. Qh4 h6 30. Rg3 Rg6 31. Qh5 Rxg3 32. hxg3 Re8 33. f4 Qf7 34. Qh4 Qg6
35. Kf2 a4 36. Kf3 Nd6 37. Re3 Ne4 38. g4 Rf8 39. g3 c5 40. gxf5 Qxf5 41. Qg4
Ng5+ 42. Qxg5 hxg5 43. e6 gxf4 44. Re5 Qd3+ 45. Kg4 Qxg3+ {White resigns} 0-1 
aics%

[Event "Team 45 45 League T30"]
[Site "Internet Chess Club"]
[Date "2006.04.23"]
[Round "5"]
[White "chiiwen"]
[Black "garethn"]
[Result "0-1"]
[WhiteElo "1687"]
[BlackElo "1765"]
[TimeControl "2700+45"]

1. e4 e5 2. Nf3 Nc6 3. Bb5 a6 4. Ba4 Nf6 5. O-O Nxe4 6. Re1 Nc5 7. Bxc6 dxc6 8.
Nxe5 Be7 9. d4 Ne6 10. c3 O-O 11. Be3 Qd6 12. Nd2 c5 13. Nec4 Qd5 14. dxc5 Nxc5
15. Bd4 Be6 16. Re5 Qd7 17. Bxc5 Bxc5 18. Rxc5 Rad8 19. Qc2 b5 20. Ne3 Qxd2 21.
Qxd2 Rxd2 22. Rxc7 Rxb2 23. Rc6 a5 24. a3 Rd8 25. Ra6 a4 26. Nd1 Rc2 27. Rb6 Bc4
28. Ne3 Rxc3 29. Nxc4 bxc4 30. Ra6 Rxa3 31. Rc1 Rc8 32. h3 g6 {White resigns}
0-1  aics%

[Event "Team 45 45 League T30"]
[Site "Internet Chess Club"]
[Date "2006.04.23"]
[Round "5"]
[White "jongalt97"]
[Black "MaunaKeaMike"]
[Result "0-1"]
[WhiteElo "1696"]
[BlackElo "1833"]
[TimeControl "2700+45"]

1. d4 Nf6 2. c4 e6 3. Nc3 Bb4 4. Qc2 c5 5. dxc5 Bxc5 6. Nf3 Qb6 7. e3 Qc7 8. g3
a6 9. Bg2 O-O 10. O-O Nc6 11. a3 d5 12. cxd5 exd5 13. Nxd5 Nxd5 14. Qxc5 Be6 15.
Bd2 Rac8 16. Rac1 Qd7 17. Qc2 Nd4 18. Qd3 Nxf3+ 19. Bxf3 Rcd8 20. Bb4 Nxb4 21.
Qxd7 Rxd7 22. axb4 Rd2 23. Rfd1 Rxb2 24. Rb1 Rxb1 25. Rxb1 Rb8 26. Kf1 Kf8 27.
Ke2 Ke7 28. Kd2 Rd8+ 29. Kc3 Bd5 30. Bxd5 Rxd5 31. e4 Rd7 32. b5 Rc7+ 33. Kd2 a5
34. b6 Rc6 35. Rb5 Ke6 36. Kd3 a4 37. f4 a3 38. Ra5 Rxb6 39. Rxa3 Rc6 40. Rb3 b6
41. Rb4 f6 42. Rb5 g6 43. g4 Kd6 44. e5+ fxe5 45. f5 gxf5 46. gxf5 Ke7 47. Ke4
Kf6 48. Rb4 Rd6 49. h3 Rd4+ {White resigns} 0-1  aics%

[Event "Team 45 45 League T30"]
[Site "Internet Chess Club"]
[Date "2006.04.23"]
[Round "5"]
[White "Avedldesierto"]
[Black "fgameiro"]
[Result "0-1"]
[WhiteElo "1638"]
[BlackElo "1560"]
[TimeControl "2700+45"]

1. b3 e5 2. Bb2 Nc6 3. e3 d5 4. c4 Nf6 5. cxd5 Nxd5 6. Nf3 Bd6 7. Bb5 f6 8.
Bxc6+ bxc6 9. O-O Bc5 10. Nc3 Nxc3 11. dxc3 Qe7 12. h3 O-O 13. b4 Bb6 14. Qb3+
Be6 15. Qc2 Bc4 16. Rfd1 Rfd8 17. a3 Qf7 18. Nd2 Bd3 19. Qb3 Qxb3 20. Nxb3 Bc2
21. Rxd8+ Rxd8 22. Nc1 Rd1+ 23. Kh2 Rd2 24. Kg3 Bf5 25. Ra2 Be6 26. c4 Bxc4 27.
Bc3 Rxa2 28. Nxa2 Bxa2 29. Kf3 Bb3 30. Ke2 Kf7 31. f3 Ke6 32. e4 Bd4 33. Kd3 c5
34. b5 c4+ 35. Kd2 Bxc3+ 36. Kxc3 Kd6 37. Kb4 c6 38. a4 cxb5 39. axb5 Kc7 40. g3
Kb6 41. f4 a5+ 42. bxa6 Kxa6 43. h4 h5 44. f5 Kb6 45. Kc3 Kc5 {White resigns}
0-1  aics%

[Event "Team 45 45 League T30"]
[Site "Internet Chess Club"]
[Date "2006.04.21"]
[Round "5"]
[White "Div-anand"]
[Black "EdBorowski"]
[Result "0-1"]
[WhiteElo "1899"]
[BlackElo "2032"]
[TimeControl "2700+45"]

1. e4 c5 2. Nf3 Nc6 3. d4 cxd4 4. Nxd4 g6 5. c4 Bg7 6. Nc2 d6 7. Be2 Qb6 8. Nc3
Bxc3+ 9. bxc3 Nf6 10. O-O Nxe4 11. Ne3 Nxc3 12. Qc2 Nd4 13. Nd5 Ncxe2+ 14. Kh1
Nxc2 15. Nxb6 axb6 16. Bb2 Nxa1 17. Bxh8 Nc2 {White resigns} 0-1  aics%

[Event "Team 45 45 League T30"]
[Site "Internet Chess Club"]
[Date "2006.04.22"]
[Round "5"]
[White "Flying-Tiger"]
[Black "gravitydk"]
[Result "1/2-1/2"]
[WhiteElo "1821"]
[BlackElo "1764"]
[TimeControl "2700+45"]

1. d4 Nf6 2. c4 e6 3. Nc3 Bb4 4. Qc2 O-O 5. a3 Bxc3+ 6. Qxc3 d5 7. Nf3 Ne4 8.
Qc2 c6 9. Bf4 Nd7 10. e3 Ndf6 11. Bd3 a6 12. Ng5 Nxg5 13. Bxg5 dxc4 14. Bxh7+
Kh8 15. O-O g6 16. Bxg6 fxg6 17. Qxg6 Qe7 18. Rac1 Qg7 19. Bxf6 Rxf6 20. Qe4 b5
21. a4 Bb7 22. f3 Rg8 23. Rc2 c5 24. Qe5 Qg6 25. e4 cxd4 26. Qxd4 Kh7 27. axb5
axb5 28. Rd2 Qg5 29. Qf2 Bxe4 30. Rd7+ Kh6 31. h4 Qg6 32. Qd2+ Kh5 33. g4+ Kxh4
34. Qh2+ Kg5 35. Qe5+ Rf5 36. Qxe4 Kh6 37. Rf2 Rf7 38. Rh2+ Kg7 39. Rxf7+ Kxf7
40. Rh7+ Rg7 41. Qb7+ Kg8 42. Rxg7+ Qxg7 43. Qxb5 Qd4+ 44. Kg2 Qd2+ 45. Kg3 Qe1+
46. Kf4 Qd2+ 47. Kg3 Qe1+ 48. Kh3 Qh1+ 49. Kg3 Qe1+ {Game drawn by repetition}
1/2-1/2  aics%

[Event "Team 45 45 League T30"]
[Site "Internet Chess Club"]
[Date "2006.04.22"]
[Round "5"]
[White "HoHo"]
[Black "Miles72"]
[Result "1-0"]
[WhiteElo "1717"]
[BlackElo "1750"]
[TimeControl "2700+45"]

1. e4 e6 2. d4 d5 3. exd5 exd5 4. Nf3 Bg4 5. Be2 Nf6 6. h3 Bh5 7. Ne5 Bxe2 8.
Qxe2 Qe7 9. Qb5+ c6 10. Qb3 Qb4+ 11. Bd2 Qxd4 12. Nxf7 Kxf7 13. Qxb7+ Nbd7 14.
Qxa8 Ne4 15. O-O Nxd2 16. Nxd2 Qxd2 17. Qxa7 Ke8 18. Qa8+ Kf7 19. Qb7 Ke8 20.
Qxc6 h5 21. Rad1 Qf4 22. Rfe1+ Kd8 23. Rxd5 Qc7 24. Qa8+ {Black resigns} 1-0

[Event "Team 45 45 League T30"]
[Site "Internet Chess Club"]
[Date "2006.04.24"]
[Round "5"]
[White "Grenadier"]
[Black "Durbed"]
[Result "1/2-1/2"]
[WhiteElo "1592"]
[BlackElo "1736"]
[TimeControl "2700+45"]

1. e4 c5 2. d4 cxd4 3. c3 d5 4. Qxd4 dxe4 5. Qxd8+ Kxd8 6. Be3 Bf5 7. Nd2 Nc6 8.
O-O-O Kc7 9. Bc4 e6 10. Ne2 Bd6 11. Ng3 Bxg3 12. hxg3 h6 13. Nb3 Nge7 14. Nd4
Nxd4 15. Rxd4 Nc6 16. Rd2 Rad8 17. Rhd1 Bg4 18. Rxd8 Rxd8 19. Rxd8 Nxd8 20. b4
Nc6 21. a4 b6 22. Kd2 Kd6 23. Bb5 e5 24. Bxc6 Kxc6 25. c4 Kd6 26. c5+ bxc5 27.
Bxc5+ Kd5 28. Bxa7 Kc4 29. Bc5 g6 30. Ke3 Kd5 31. f3 exf3 32. gxf3 Bd7 33. a5
Bb5 34. g4 f5 35. gxf5 gxf5 36. f4 e4 37. Be7 h5 38. Bc5 h4 39. Kf2 Kc4 40. Kg2
Kd3 41. Kh3 e3 42. Kxh4 e2 43. Bf2 Ke4 44. Kg5 Ba6 45. Be1 Bb5 {Game drawn by
mutual agreement} 1/2-1/2  aics%

[Event "Team 45 45 League T30"]
[Site "Internet Chess Club"]
[Date "2006.04.30"]
[Round "5"]
[White "WesleyCrusher"]
[Black "iwulu"]
[Result "1-0"]
[WhiteElo "2068"]
[BlackElo "2226"]
[TimeControl "2700+45"]

1. e4 e6 2. d4 d5 3. Nc3 Bb4 4. e5 c5 5. a3 Bxc3+ 6. bxc3 Ne7 7. Nf3 Bd7 8. a4
Qa5 9. Qd2 Nbc6 10. Bd3 f6 11. O-O O-O-O 12. Re1 c4 13. Bf1 fxe5 14. dxe5 h6 15.
Nd4 g5 16. Ba3 Rdg8 17. Nb5 Ng6 18. Nd6+ Kb8 19. Nxc4 Qd8 20. Bd6+ Ka8 21. Na3
a6 22. Nb5 Nh4 23. Nc7+ Ka7 24. Qe3+ d4 25. cxd4 Nf5 26. Qc3 Nxd6 27. Qc5+ Kb8
28. exd6 Qf6 29. c3 Rf8 30. Qb6 Qxf2+ 31. Kh1 e5 32. Nxa6+ Ka8 33. Nc5 {Black
resigns} 1-0  aics%

[Event "Team 45 45 League T30"]
[Site "Internet Chess Club"]
[Date "2006.04.22"]
[Round "5"]
[White "gracey"]
[Black "Ser-Enigma"]
[Result "0-1"]
[WhiteElo "2002"]
[BlackElo "2077"]
[TimeControl "2700+45"]

1. d4 Nf6 2. Bg5 Ne4 3. Bf4 d5 4. f3 Nd6 5. Nc3 c6 6. Qd3 Bf5 7. e4 Bg6 8. O-O-O
e6 9. h4 h6 10. h5 Bh7 11. g4 Be7 12. Qe3 Na6 13. e5 Nc4 14. Bxc4 dxc4 15. Nge2
b5 16. Ne4 Qa5 17. Kb1 Nb4 18. a3 Nd5 19. Qf2 b4 20. Bd2 c3 21. axb4 Bxb4 22.
N2xc3 Bxc3 23. Nxc3 Nb4 24. Rc1 Rb8 25. Be1 Rb6 {White resigns} 0-1  aics%

[Event "Team 45 45 League T30"]
[Site "Internet Chess Club"]
[Date "2006.04.22"]
[Round "5"]
[White "Amauta"]
[Black "Zebbile"]
[Result "0-1"]
[WhiteElo "1944"]
[BlackElo "2070"]
[TimeControl "2700+45"]

1. e4 d5 2. exd5 Qxd5 3. Nc3 Qa5 4. Bb5+ c6 5. Bc4 Nf6 6. Nf3 Bg4 7. O-O e6 8.
h3 Bh5 9. Qe2 Bxf3 10. Qxf3 Be7 11. d3 O-O 12. Bd2 Re8 13. Bb3 Nbd7 14. Ne4 Bb4
15. Bxb4 Qxb4 16. c3 Qe7 17. d4 Rad8 18. Rfe1 c5 19. Rad1 Nxe4 20. Rxe4 Nf6 21.
Rh4 b6 22. Ba4 Rf8 23. Bc2 Rd5 24. Re1 cxd4 25. cxd4 Rfd8 26. Rd1 g5 27. Qg3 Qd6
28. Qf3 Kg7 29. Rh6 Qe7 30. Rxf6 Qxf6 31. Qxf6+ Kxf6 32. Bxh7 Rxd4 33. Rxd4 Rxd4
34. Bc2 Rd2 35. Bb3 Rxb2 36. g3 Ke5 37. Kg2 a5 38. h4 gxh4 39. gxh4 b5 40. h5
Kf5 41. h6 Kg6 42. Bd1 Kxh6 43. a4 bxa4 44. Bxa4 Rb4 45. Be8 Kg7 {White resigns}
0-1  aics%

[Event "Team 45 45 League T30"]
[Site "Internet Chess Club"]
[Date "2006.04.23"]
[Round "5"]
[White "Quoyle"]
[Black "Milo"]
[Result "1/2-1/2"]
[WhiteElo "2452"]
[BlackElo "2392"]
[TimeControl "2700+45"]

1. c4 Nf6 2. Nc3 c5 3. Nf3 d5 4. cxd5 Nxd5 5. d4 cxd4 6. Qxd4 Nxc3 7. Qxc3 e6 8.
e4 Nc6 9. a3 Bd7 10. Be2 Rc8 11. O-O Na5 12. Qd3 Ba4 13. Qxd8+ Rxd8 14. Be3 Nb3
15. Rad1 Bc5 16. Rxd8+ Kxd8 17. Ne5 Ke7 18. Bxc5+ Nxc5 19. Rc1 b6 20. b4 Nxe4
21. Bf3 Nd2 22. Bd1 Bxd1 23. Rxd1 Rc8 24. b5 Rc2 25. Nc6+ Kf6 26. Nxa7 Nc4 27.
g3 Nxa3 28. Rd7 Rc5 29. Nc6 Nxb5 30. Nd8 Rc7 31. Rd2 Ke7 32. Rb2 Kxd8 33. Rxb5
Rb7 34. Kf1 Kc7 35. Ke2 Kc6 36. Rh5 Rd7 37. Rxh7 g6 38. Rh8 b5 39. Rb8 Kc5 40.
Rc8+ Kb4 41. h4 Kb3 42. g4 b4 43. h5 gxh5 44. gxh5 f5 45. Re8 Rh7 46. Rxe6 Rxh5
47. Ke3 Kb2 48. Kf4 b3 49. Rb6 Kc2 50. Ke5 b2 51. Rc6+ Kb1 52. f4 Rh3 53. Kxf5
Ka2 54. Rc2 Ka1 55. Rxb2 Kxb2 56. Ke5 Re3+ 57. Kd5 Rf3 58. Ke5 Kc3 59. f5 Re3+
60. Kd5 Rd3+ 61. Ke6 {Game drawn by mutual agreement} 1/2-1/2  aics%

[Event "Team 45 45 League T30"]
[Site "Internet Chess Club"]
[Date "2006.04.26"]
[Round "5"]
[White "jpitt"]
[Black "phoenix10q72"]
[Result "1-0"]
[WhiteElo "2393"]
[BlackElo "2305"]
[TimeControl "2700+45"]

1. e4 c5 2. Nf3 d6 3. d4 cxd4 4. Nxd4 Nf6 5. Nc3 a6 6. f3 e6 7. Be3 b5 8. g4
Nfd7 9. Qd2 Nb6 10. O-O-O N8d7 11. Ndxb5 axb5 12. Nxb5 Ba6 13. Nxd6+ Bxd6 14.
Qxd6 Bxf1 15. Bxb6 Qc8 16. Rhxf1 Ra6 17. Qxd7+ Qxd7 18. Rxd7 Kxd7 19. Bd4 Rxa2
20. Kd2 Rg8 21. c4 g6 22. Be5 h5 23. Kc3 Ra5 24. Rd1+ Kc8 25. Bf6 Kc7 26. Kb4
Ra7 27. Be5+ Kc8 28. c5 Rd8 29. Bd6 Rb7+ 30. Kc3 Rb5 31. b4 hxg4 32. fxg4 Rb7
33. Kc4 Ra7 34. c6 Ra2 35. e5 Rc2+ 36. Kb5 Ra2 37. Rf1 f5 38. exf6 Rxd6 39. f7
Rd8 40. f8=Q Rxf8 41. Rxf8+ Kc7 42. Rf7+ Kd6 43. Rd7+ Ke5 44. c7 Rc2 45. Kb6 Kf4
46. Rd6 e5 47. Rc6 {Black resigns} 1-0  aics%

[Event "Team 45 45 League T30"]
[Site "Internet Chess Club"]
[Date "2006.04.24"]
[Round "5"]
[White "jorobo"]
[Black "WizzyD"]
[Result "1-0"]
[WhiteElo "2202"]
[BlackElo "2062"]
[TimeControl "2700+45"]

1. c4 e5 2. Nc3 Nc6 3. Nf3 f5 4. d4 e4 5. Ng5 Be7 6. h4 Nf6 7. Nh3 O-O 8. Nf4
Bb4 9. e3 d6 10. Bd2 Bxc3 11. Bxc3 Bd7 12. Be2 Qe7 13. h5 Rfe8 14. Qb3 Rab8 15.
c5+ d5 16. Nxd5 Nxd5 17. Bc4 f4 18. Bxd5+ Kh8 19. h6 fxe3 20. fxe3 Bg4 21. hxg7+
Kxg7 22. Bf7 Rf8 23. d5+ Ne5 24. Be6 Rf5 25. Bxf5 Bxf5 26. Bxe5+ Qxe5 27. Qc3
Qxc3+ 28. bxc3 b6 29. c6 Rd8 30. Rd1 Rd6 31. O-O Bg6 32. c4 Bh5 33. Rd2 Bg6 34.
a4 a6 35. Rb2 b5 36. axb5 axb5 37. Rxb5 Rd8 38. Rb7 Ra8 39. Rxc7+ Kh6 40. d6 Be8
41. d7 Bxd7 42. cxd7 Rd8 43. Rd1 {Black resigns} 1-0  aics%

[Event "Team 45 45 League T30"]
[Site "Internet Chess Club"]
[Date "2006.04.23"]
[Round "5"]
[White "equi"]
[Black "John3v16"]
[Result "1-0"]
[WhiteElo "1847"]
[BlackElo "1853"]
[TimeControl "2700+45"]

1. d4 d5 2. c4 dxc4 3. e3 a6 4. Bxc4 Nf6 5. Nf3 b5 6. Bb3 c5 7. O-O c4 8. Bc2
Bb7 9. a4 e6 10. b3 cxb3 11. Bxb3 b4 12. Nbd2 Be7 13. Re1 a5 14. e4 O-O 15. Bb2
Nbd7 16. Qe2 Ba6 17. Qe3 Nb6 18. Ne5 Rc8 19. Qh3 Nfd7 20. Nxf7 Rxf7 21. Qxe6 Qf8
22. Re3 Re8 23. Rf3 Bf6 24. Qxf7+ Qxf7 25. Bxf7+ Kxf7 26. e5 Nc4 27. Nxc4 Bxc4
28. exf6 g6 29. Re3 Rxe3 30. fxe3 Nxf6 31. Rc1 Bb3 32. Rc5 Bxa4 33. Rxa5 Bc2 34.
d5 Nd7 35. Ra7 Ke8 36. Bd4 b3 37. Rb7 h5 38. Kf2 Be4 39. Rxb3 Bxd5 40. Rb2 Nf8
41. e4 Be6 42. Ke3 g5 43. Rb7 g4 44. Kf4 Bf7 45. Rb8+ {Black resigns} 1-0  aics%

[Event "Team 45 45 League T30"]
[Site "Internet Chess Club"]
[Date "2006.04.24"]
[Round "5"]
[White "MoneyGame"]
[Black "WFN2"]
[Result "1-0"]
[WhiteElo "2290"]
[BlackElo "2269"]
[TimeControl "2700+45"]

1. d4 Nf6 2. c4 g6 3. Nc3 Bg7 4. e4 d6 5. Nf3 O-O 6. Be2 e5 7. d5 Nbd7 8. O-O a5
9. Rb1 Nc5 10. Nd2 Ne8 11. Nb3 b6 12. Nxc5 bxc5 13. a3 f5 14. b4 cxb4 15. axb4
axb4 16. Rxb4 Nf6 17. exf5 Bxf5 18. Be3 Qe7 19. Qb3 Ne4 20. Nxe4 Bxe4 21. Rb7
Bf6 22. c5 Rfd8 23. Rc1 Rd7 24. Qc4 Bf5 25. g4 Kh8 26. gxf5 gxf5 27. cxd6 Rg8+
28. Kh1 Qg7 29. Bf3 e4 30. dxc7 exf3 31. Qf1 Rc8 32. Rb8 Qg8 33. Rxc8 Qxc8 34.
Qc4 {Black resigns} 1-0  aics%

[Event "Team 45 45 League T30"]
[Site "Internet Chess Club"]
[Date "2006.04.25"]
[Round "5"]
[White "Zillmer"]
[Black "KingDestroyer"]
[Result "0-1"]
[WhiteElo "1893"]
[BlackElo "2195"]
[TimeControl "2700+45"]

1. e4 c5 2. Nc3 Nc6 3. f4 g6 4. Nf3 Bg7 5. Bc4 e6 6. f5 Nge7 7. fxe6 fxe6 8. d3
O-O 9. O-O a6 10. a4 Nd4 11. Bg5 h6 12. Be3 Kh7 13. Ne2 Nxf3+ 14. gxf3 Bxb2 15.
Rb1 Be5 16. f4 Bd6 17. e5 Nf5 18. Bf2 Be7 {White resigns} 0-1  aics%

[Event "Team 45 45 League T30"]
[Site "Internet Chess Club"]
[Date "2006.04.26"]
[Round "5"]
[White "DTK"]
[Black "smooth-moves04"]
[Result "1-0"]
[WhiteElo "2151"]
[BlackElo "2076"]
[TimeControl "2700+45"]

1. e4 d5 2. exd5 Nf6 3. d4 Nxd5 4. c4 Nf6 5. Nf3 Bg4 6. Be2 e6 7. O-O Be7 8. Nc3
O-O 9. Be3 Nbd7 10. h3 Bh5 11. Qb3 Qc8 12. Rfd1 c5 13. d5 exd5 14. cxd5 Bxf3 15.
Bxf3 Ne5 16. Be2 Bd6 17. Nb5 Qd7 18. Nxd6 Qxd6 19. Qxb7 Rfb8 20. Qa6 Rb6 21. Qa3
Ned7 22. b3 Re8 23. Qxa7 Ne4 24. Rac1 Rb4 25. Bg4 Ndf6 26. Bxc5 Nxc5 27. Qxc5
Qb8 28. Bf3 Ne4 29. Bxe4 Rbxe4 30. d6 Re2 {Black resigns} 1-0  aics%

[Event "Team 45 45 League T30"]
[Site "Internet Chess Club"]
[Date "2006.04.30"]
[Round "5"]
[White "SluMan"]
[Black "syy89"]
[Result "0-1"]
[WhiteElo "2012"]
[BlackElo "2123"]
[TimeControl "2700+45"]

1. d4 Nf6 2. Nf3 g6 3. c4 Bg7 4. Nc3 d6 5. e4 O-O 6. Be2 e5 7. O-O Nc6 8. d5 Ne7
9. Ne1 Nd7 10. Be3 f5 11. f3 f4 12. Bf2 g5 13. Nb5 a6 14. Na7 Rxa7 15. Bxa7 b6
16. b4 Nf6 17. Rc1 Ng6 18. c5 g4 19. cxb6 cxb6 20. Rxc8 Qxc8 21. Bxb6 gxf3 22.
Bxf3 Qc4 23. Qb3 Rc8 24. Nd3 Nxe4 25. Rc1 Nc3 26. Bg4 e4 27. Rxc3 Qxc3 28. Bxc8
Qxc8 29. Nb2 Qc1+ 30. Nd1 e3 {White resigns} 0-1  aics%

[Event "Team 45 45 League T30"]
[Site "Internet Chess Club"]
[Date "2006.04.24"]
[Round "5"]
[White "MSStateBulldog"]
[Black "GrayFox"]
[Result "1/2-1/2"]
[WhiteElo "2405"]
[BlackElo "2425"]
[TimeControl "2700+45"]

1. e4 c5 2. Nf3 e6 3. b3 d6 4. Bb5+ Nd7 5. O-O Nf6 6. Re1 a6 7. Bf1 Be7 8. c3
O-O 9. d4 b5 10. a4 b4 11. cxb4 cxb4 12. Nbd2 Bb7 13. Bb2 Nb6 14. Bd3 a5 15. Qe2
Nfd7 16. Rac1 Rc8 17. Ba6 Rxc1 18. Rxc1 Bxa6 19. Qxa6 Qa8 20. Qxa8 Rxa8 21. Kf1
f6 22. Rc6 Kf7 23. Ke2 Rc8 24. Rxc8 Nxc8 25. Nc4 Bd8 26. d5 e5 27. Bc1 Nc5 28.
Nfd2 g6 29. f3 f5 30. Ne3 Bg5 31. Nec4 Bd8 32. Ne3 Bg5 {Game drawn by mutual
agreement} 1/2-1/2  aics%

[Event "Team 45 45 League T30"]
[Site "Internet Chess Club"]
[Date "2006.04.23"]
[Round "5"]
[White "Cuby"]
[Black "Ozgur-Bjk"]
[Result "0-1"]
[WhiteElo "2138"]
[BlackElo "2168"]
[TimeControl "2700+45"]

1. d4 d5 2. c4 e6 3. Nc3 Nf6 4. Bg5 Be7 5. cxd5 exd5 6. e3 O-O 7. Bd3 Re8 8. Qc2
Nbd7 9. Nge2 c6 10. h3 Nf8 11. O-O-O b5 12. g4 a5 13. Ng3 a4 14. Rdg1 Qa5 15.
Nf5 Bxf5 16. gxf5 Rec8 17. Bh6 Ne8 18. e4 b4 19. Rxg7+ Nxg7 20. Rg1 Ng6 21. fxg6
fxg6 22. e5 bxc3 23. Bxg6 Bg5+ 24. Rxg5 cxb2+ 25. Kd1 hxg6 26. Qxg6 Rc7 27. Qe6+
Kh7 28. Qg6+ Kg8 29. Qe6+ Rf7 30. Rxg7+ Kh8 31. Rh7+ Kxh7 32. Qxf7+ Kxh6 33.
Qf6+ Kh7 34. Qf7+ Kh8 35. Qf6+ Kg8 36. Qg6+ Kf8 37. Qf6+ Ke8 38. Qe6+ Kd8 39.
Qd6+ Kc8 40. Qxc6+ Kb8 41. Qe8+ Kb7 42. Qd7+ Qc7 43. Qb5+ Qb6 44. Qd7+ Kb8 45.
Qe8+ Kc7 46. Qe7+ Kc6 47. Qd6+ Kb5 48. Qxd5+ Kb4 49. Kc2 Qc7+ 50. Kxb2 Qc3+ 51.
Kb1 Qe1+ 52. Kb2 a3+ {White resigns} 0-1  aics%

[Event "Team 45 45 League T30"]
[Site "Internet Chess Club"]
[Date "2006.04.25"]
[Round "5"]
[White "Allessia"]
[Black "Parsival"]
[Result "1/2-1/2"]
[WhiteElo "2166"]
[BlackElo "2144"]
[TimeControl "2700+45"]

1. e4 c5 2. Nc3 e6 3. g3 d6 4. Bg2 Nc6 5. d3 g6 6. Be3 Bg7 7. Qd2 Nge7 8. Nge2
O-O 9. O-O b6 10. f4 f5 11. exf5 gxf5 12. d4 Bb7 13. Rad1 Qc8 14. a3 cxd4 15.
Nxd4 Nxd4 16. Bxb7 Qxb7 17. Bxd4 e5 18. Be3 Rad8 19. fxe5 dxe5 20. Qxd8 Rxd8 21.
Rxd8+ Kf7 22. Rfd1 Bf6 23. R8d7 Qf3 24. Re1 Ke6 25. Rxa7 e4 26. Nd1 Nd5 27. Bf2
h5 28. c4 Ne7 29. Ra6 h4 30. Rxb6+ Kf7 31. Rf1 Qd3 32. Ne3 h3 33. Rb7 Ke8 34.
Rb8+ Kf7 35. Rb7 Ke8 36. Rb8+ Kf7 37. Rb7 {Game drawn by repetition} 1/2-1/2 
aics%

[Event "Team 45 45 League T30"]
[Site "Internet Chess Club"]
[Date "2006.04.26"]
[Round "5"]
[White "Firebullet"]
[Black "fhunfi"]
[Result "0-1"]
[WhiteElo "1910"]
[BlackElo "2008"]
[TimeControl "2700+45"]

1. d4 d5 2. c4 c6 3. Nc3 Nf6 4. Bf4 dxc4 5. e4 b5 6. a3 e6 7. g3 Bb7 8. Bg2 a6
9. Nge2 Be7 10. O-O O-O 11. Qd2 Nbd7 12. Rad1 Nb6 13. Rfe1 Qd7 14. Qe3 Ng4 15.
Qf3 f5 16. e5 g5 17. Bc1 Rab8 18. h3 c5 19. d5 exd5 20. hxg4 d4 21. Nd5 Bxd5
{White resigns} 0-1  aics%

[Event "Team 45 45 League T30"]
[Site "Internet Chess Club"]
[Date "2006.04.25"]
[Round "5"]
[White "Satan"]
[Black "Gregorio"]
[Result "1-0"]
[WhiteElo "2164"]
[BlackElo "2094"]
[TimeControl "2700+45"]

1. d4 Nf6 2. c4 g6 3. Nc3 d5 4. cxd5 Nxd5 5. e4 Nxc3 6. bxc3 Bg7 7. Nf3 O-O 8.
Be2 c5 9. O-O Nc6 10. Be3 Qa5 11. Qb3 Rd8 12. d5 Ne5 13. Nxe5 Bxe5 14. Rac1 Rb8
15. f4 Bg7 16. e5 Bf5 17. c4 a6 18. Bd3 Bd7 19. Qc2 Ba4 20. Qf2 Rbc8 21. Qh4 Qc7
22. Rf3 f5 23. Rh3 h6 24. g4 e6 25. gxf5 gxf5 26. Rg3 Kh7 27. Kf2 Rg8 28. Rcg1
Qf7 29. Qh3 Bd7 30. Rg6 Qxg6 31. Rxg6 Kxg6 32. dxe6 Bxe6 33. Qg4+ Kh7 34. Bxf5+
Bxf5 35. Qxf5+ Kh8 36. Qg6 Rc6 37. Qf7 b6 38. e6 Rcc8 39. e7 Rce8 40. f5 {Black
resigns} 1-0  aics%

[Event "Team 45 45 League T30"]
[Site "Internet Chess Club"]
[Date "2006.04.22"]
[Round "5"]
[White "jonesey"]
[Black "onslaught"]
[Result "0-1"]
[WhiteElo "1989"]
[BlackElo "2111"]
[TimeControl "2700+45"]

1. e4 e6 2. d4 d5 3. e5 c5 4. c3 Nc6 5. Nf3 Bd7 6. Bd3 cxd4 7. cxd4 Qb6 8. O-O
Nxd4 9. Nxd4 Qxd4 10. Nc3 a6 11. Qf3 Qxe5 12. Bf4 Qf6 13. Qg3 h6 14. Rfe1 Ne7
15. Rad1 Bc6 16. Rd2 Nf5 17. Bxf5 Qxf5 18. Re5 Qf6 19. Nxd5 Bxd5 20. Rdxd5 Be7
21. Rd3 Rd8 22. Rxd8+ Bxd8 23. Re1 O-O 24. Be5 Qg5 25. Qf3 Ba5 26. Re3 Rd8 27.
h3 Bb6 28. Rb3 Bxf2+ 29. Kxf2 Qxe5 30. Rxb7 Rd2+ 31. Kg1 f5 32. Re7 Qc5+ {White
resigns} 0-1  aics%

[Event "Team 45 45 League T30"]
[Site "Internet Chess Club"]
[Date "2006.04.24"]
[Round "5"]
[White "fledermaus"]
[Black "PublisherKing"]
[Result "1/2-1/2"]
[WhiteElo "2058"]
[BlackElo "1943"]
[TimeControl "2700+45"]

1. d4 c6 2. c4 d6 3. Nc3 Bf5 4. e4 Bg6 5. Be3 Nf6 6. f3 e5 7. Qd2 Nbd7 8. Nge2
Be7 9. Nc1 O-O 10. Be2 exd4 11. Bxd4 c5 12. Be3 Ne5 13. O-O a6 14. b3 h6 15. Nd3
Qc7 16. Nf4 Rfe8 17. Ncd5 Nxd5 18. Nxd5 Qd8 19. Rad1 Bf8 20. Rde1 f5 21. f4 Nd7
22. exf5 Bxf5 23. Bd3 Bxd3 24. Qxd3 Nf6 25. f5 Kh8 26. Bf4 Rxe1 27. Rxe1 Nxd5
28. Qxd5 Qc7 29. Re6 Rd8 30. Bd2 Qc6 31. Qd3 Re8 32. Qe2 Rxe6 33. Qxe6 Qc7 34.
Bc3 Kh7 35. Qg6+ Kg8 36. f6 Qf7 37. Qxf7+ Kxf7 38. fxg7 Bxg7 39. Bxg7 Kxg7 40.
Kf2 Kf6 41. Kf3 Ke5 42. g4 b5 43. h4 bxc4 44. bxc4 d5 45. cxd5 Kxd5 46. Ke3 Ke5
47. a4 a5 48. Kd3 Kf4 49. g5 hxg5 50. hxg5 Kxg5 51. Kc4 Kf4 52. Kxc5 Ke3 53. Kb5
Kd4 54. Kxa5 Kc5 {Game drawn by mutual agreement} 1/2-1/2  aics%

[Event "Team 45 45 League T30"]
[Site "Internet Chess Club"]
[Date "2006.04.23"]
[Round "5"]
[White "SneakyRed"]
[Black "jazzyrick"]
[Result "0-1"]
[WhiteElo "1868"]
[BlackElo "1646"]
[TimeControl "2700+45"]

1. e4 c5 2. Bc4 e6 3. Qe2 Nc6 4. c3 a6 5. Nf3 b5 6. Bb3 g6 7. d4 Qc7 8. Be3 c4
9. Bc2 Bg7 10. a4 Bb7 11. O-O Nge7 12. axb5 axb5 13. Na3 Na7 14. d5 Qb8 15. Bxa7
Rxa7 16. d6 Rxa3 17. Rxa3 Qxd6 18. Rd1 Qc5 19. Qd2 d5 20. exd5 Nxd5 21. Ra5 O-O
22. Nd4 Nc7 23. Rda1 Qd5 24. f3 e5 25. Be4 Qc5 26. Bxb7 exd4 27. cxd4 Bxd4+ 28.
Kh1 c3 29. bxc3 Bxc3 30. Qc2 Qe3 31. R5a3 b4 32. Rb3 Nb5 33. Qe4 Qd2 34. Rf1 Na3
35. Ba6 Rd8 36. Qe2 Qd5 37. Qe7 Rd6 38. Qe8+ Kg7 39. Qa4 Rxa6 40. Qxa6 Qxb3 41.
h3 Nc4 42. f4 Nd2 43. Rf2 Qd1+ 44. Kh2 Qe1 45. Re2 Nf1+ 46. Kg1 Bd4+ 47. Kh1
Ng3+ 48. Kh2 Nxe2 {White resigns} 0-1  aics%

[Event "Team 45 45 League T30"]
[Site "Internet Chess Club"]
[Date "2006.04.24"]
[Round "5"]
[White "TaintedRogue"]
[Black "AVEMARIA"]
[Result "0-1"]
[WhiteElo "1545"]
[BlackElo "1681"]
[TimeControl "2700+45"]

1. e4 c5 2. d4 cxd4 3. c3 d5 4. e5 dxc3 5. Nxc3 e6 6. Nf3 Nc6 7. Be3 Bb4 8. a3
Bxc3+ 9. bxc3 Nge7 10. Bf4 Ng6 11. Qd2 Qc7 12. Qe3 O-O 13. Bd3 Qa5 14. O-O Nce7
15. Bg3 Bd7 16. h4 Bb5 17. Bxb5 Qxb5 18. Rab1 Qd7 19. h5 Nf5 20. Qg5 h6 21. Qg4
Nxg3 22. Qxg3 Ne7 23. Rb4 Nf5 24. Qh3 Rac8 25. g4 Ne7 26. g5 Nf5 27. gxh6 Nxh6
28. Kh1 Rxc3 29. Rg1 f6 30. Rbg4 Nxg4 31. Qxg4 Rxf3 32. Qxf3 fxe5 33. Qc3 {White
resigns} 0-1  aics%

[Event "Team 45 45 League T30"]
[Site "Internet Chess Club"]
[Date "2006.04.21"]
[Round "5"]
[White "DynamoKyiv"]
[Black "Mutaant"]
[Result "0-1"]
[WhiteElo "1518"]
[BlackElo "1425"]
[TimeControl "2700+45"]

1. e4 e5 2. Nf3 Nc6 3. Bb5 Bc5 4. c3 a6 5. Ba4 Nf6 6. d4 exd4 7. cxd4 Bb4+ 8.
Bd2 Nxe4 9. Qe2 Qe7 10. Nc3 Nxd2 11. Qxe7+ Nxe7 12. Nxd2 O-O 13. O-O d6 14. Rac1
Bg4 15. Nde4 b5 16. Bb3 Rae8 17. a3 Ba5 18. Ng3 Nc6 19. d5 Ne7 20. Nce4 Nf5 21.
Nxf5 Bxf5 22. Ng3 Bd3 23. Ba2 Bxf1 {White resigns} 0-1  aics%